 Dungeon Crawl Stone Soup version 0.31-a0-654-gbe3e110b4e (webtiles) character file.

Game seed: 9409797943817743423

7 subawu the Grave Robber (level 2, -4/19 HPs)
             Began as a Human Necromancer on Aug 28, 2023.
             Frozen to death by an endoplasm (5 damage)
             ... on level 1 of the Dungeon on Aug 29, 2023.
             The game lasted 00:01:38 (142 turns).

subawu the Grave Robber (Human Necromancer)          Turns: 142, Time: 00:01:38

Health: -4/19      AC:  2    Str:  8    XL:     2   Next: 5%
Magic:  0/5        EV:  9    Int: 15    God:
Gold:   14         SH:  0    Dex: 13    Spells: 4/5 levels left

rFire   . . .        d - +0 whip
rCold   . . .        (no shield)
rNeg    . . .        a - +0 robe
rPois   .            (no helmet)
rElec   .            (no cloak)
rCorr   .            (no gloves)
SInv    .            (no boots)
Will    .....        (no amulet)
Stlth   ++           (no ring)
HPRegen 0.23/turn    (no ring)
MPRegen 0.09/turn

%: no passive effects
@: constricted
A: no striking features
a: no special abilities


You were on level 1 of the Dungeon.
You visited 1 branch of the dungeon, and saw 1 of its levels.

You collected 14 gold pieces.

Inventory:

Hand Weapons
 d - a +0 whip (weapon)
Armour
 a - a +0 robe (worn)
 c - a +0 robe
Potions
 b - a potion of magic


   Skills:
 + Level 2.1 Dodging
 + Level 2.1 Stealth
 + Level 2.1 Spellcasting
 + Level 4.1 Necromancy


You had 4 spell levels left.
You knew the following spells:

 Your Spells              Type           Power      Damage    Failure   Level
a - Necrotise             Necr           52%        1d6       4%          1

Your spell library contained the following spells:

 Spells                   Type           Power      Damage    Failure   Level
 Vampiric Draining        Necr           13%        2d6       12%         3
 Animate Dead             Necr           13%        N/A       38%         4
 Agony                    Necr           13%        N/A       75%         5


Dungeon Overview and Level Annotations

Branches:
Dungeon (1/15)

Altars:


Message History

You barely miss the ball python. The hobgoblin hits you.
The ball python bites you but does no damage.
The ball python constricts you.
The endoplasm hits you but does no damage.
Casting: Necrotise (safe; 4% risk of failure)
Confirm with . or Enter, or press ? or * to list all spells.
Aiming: Necrotise (safe; 4% risk of failure)
Press: ? - help, Shift-Dir - straight line, f - ball python
Aim: a ball python (constricting you, chance to affect: 83%)
The ball python barely resists.
The ball python bites you. The ball python constricts you.
The hobgoblin hits you. The endoplasm freezes you.
You are frozen.
You escape the ball python's grasp.
The hobgoblin hits you.
* * * LOW HITPOINT WARNING * * *
The endoplasm jiggles.
Casting: Necrotise (safe; 4% risk of failure)
Confirm with . or Enter, or press ? or * to list all spells.
You don't know that spell.
Casting: Necrotise (safe; 4% risk of failure)
Confirm with . or Enter, or press ? or * to list all spells.
You don't have enough magic to cast this spell.
The hobgoblin hits you.
* * * LOW HITPOINT WARNING * * *
The endoplasm freezes you.
You are frozen.
* * * LOW HITPOINT WARNING * * *
You hit the hobgoblin but do no damage. The hobgoblin closely misses you.
The endoplasm freezes you.
You are frozen.
* * * LOW HITPOINT WARNING * * *
The ball python closely misses you. The ball python grabs you.
The ball python constricts you.
* * * LOW HITPOINT WARNING * * *
You hit the hobgoblin but do no damage.
The hobgoblin hits you but does no damage.
The ball python barely misses you. The ball python constricts you.
The endoplasm freezes you.
You are frozen.
You die...

...........# ...........
........... #. ..........
#.# # #........# #..S .
###......# #..# .#
.......S.# ####..# .#
......†g@###.##..###.# ##
.......J.....##..~~~.#...
......######.##.#..≈≈~≈~~
.............##.....~..≈≈
...#..#####.......#.##.##
.. .. #..........#.# # .
.. #.#........#.# ... #
#.######.#.# ...
#.....#..


You could see an endoplasm, a hobgoblin and a ball python.

Vanquished Creatures
  A dart slug (D:1)
  An endoplasm (D:1)
  A giant cockroach (D:1)
  2 bats (D:1)
5 creatures vanquished.

Notes
Turn   | Place    | Note
-------+----------+-------------------------------------------
     0 | D:1      | subawu the Human Necromancer began the quest for the Orb.
     0 | D:1      | Reached XP level 1. HP: 13/13 MP: 3/3
    79 | D:1      | Upgraded the game from 0.31-a0-640-g39d97e502b to
                  | 0.31-a0-654-gbe3e110b4e
   132 | D:1      | Reached XP level 2. HP: 17/19 MP: 0/5
   142 | D:1      | Frozen to death by an endoplasm

Illustrated notes

Levels and vault maps discovered:
D:1:      dpeg_arrival_rooms_a, layout_basic, serial_curves, eino_curves_03,
          eino_curves_02, chequers_serial_rivers_small_a

Action                     || total
---------------------------++-------
  Melee: Whip              ||    22
   Cast: Necrotise         ||     7
 Armour: Robe              ||    21
  Dodge: Dodged            ||    60

Table legend: (Time is in decaauts)
 A = Elapsed time spent in this place.
 B = Non-inter-level travel time spent in this place.
 C = Inter-level travel time spent in this place.
 D = Time resting spent in this place.
 E = Time spent auto-exploring this place.
 F = Levels seen in this place.
 G = Mean time per level.
                   A        B        C        D        E       F      G
               +--------+--------+--------+--------+--------+-----+--------+
         Total |    143 |    143 |      0 |      0 |     29 |   1 |  143.0 |
       Dungeon |    143 |    143 |      0 |      0 |     29 |   1 |  143.0 |
               +--------+--------+--------+--------+--------+-----+--------+

Top non-repeatable levels by time:
     D:1: 143 daAuts
